AoeStats
← 听风昕宇

Hill Fort

504500220Analyzed
4v4 RM · 27d ago on Sep 5, 2026· 30m 15s· 8 players
Game mode
Random Map
Map size
Large (8 player)
Population
200
Speed
Normal
Resources
Standard
Victory
Conquest
Starting age
Dark Age
Ending age
Imperial Age
RankedLock teamsTeams togetherTeam positionsShared explorationLock speedFull tech treeHidden civsTurbo modeCheats
Victory
Defeat
🇦🇷 Armenians · Argentina
1765
+12
🇨🇳 Tupi · China
1682
+16
🇪🇸 Vikings · Spain
1651
+17
🇨🇳 Mongols · China
1549
+22
🇨🇳 Poles · China
1721
-19
1717
-18
🇨🇳 Khmer · China
1638
-15
🇭🇰 Lithuanians · Hong Kong SAR China
1627
-15
压力我的是猪
11:23 Feudal Age
15:28 Castle Age
14:00 Double-Bit Axe
14:20 Horse Collar
16:25 Bow Saw
16:09 Loom
25:57 Heavy Plow
27:21 Wheelbarrow
32:37 Imperial Age
江东小霸王
10:41 Feudal Age
14:35 Castle Age
14:01 Double-Bit Axe
13:57 Horse Collar
14:21 Loom
15:30 Bow Saw
15:26 Heavy Plow
19:26 Wheelbarrow
20:50 Stone Mining
20:52 Gold Mining
22:23 Bow Saw
27:50 Imperial Age
26:55 Hand Cart
27:05 Scale Barding Armor
28:48 Chain Barding Armor
30:07 Szlachta Privileges
经典不变的回忆 | memory
11:28 Feudal Age
14:59 Castle Age
12:54 Double-Bit Axe
13:24 Horse Collar
15:53 Bow Saw
15:31 Loom
18:27 Gold Mining
22:20 Wheelbarrow
25:24 Gold Shaft Mining
25:31 Stone Mining
26:03 Scale Mail Armor
31:34 Imperial Age
29:45 Crossbowman
这条小鱼谁在乎
10:57 Feudal Age
14:02 Castle Age
12:14 Double-Bit Axe
12:34 Horse Collar
15:07 Bow Saw
14:58 Heavy Plow
16:53 Loom
22:05 Demolition Ship
22:58 Medium Warships
26:45 Demolition Ship
30:47 Wheelbarrow
钢铁直男
10:35 Feudal Age
14:38 Castle Age
12:57 Double-Bit Axe
13:20 Horse Collar
15:41 Bow Saw
15:52 Town Watch
16:34 Loom
17:53 Fletching
19:54 Bodkin Arrow
22:51 Padded Archer Armor
25:01 Wheelbarrow
25:30 Gold Mining
26:26 Heavy Plow
27:26 Hand Cart
27:42 Leather Archer Armor
27:32 Stone Mining
29:07 Ballistics
29:27 Gold Shaft Mining
29:44 Caravan
犹大sama
10:45 Feudal Age
10:54 Feudal Age
12:33 Double-Bit Axe
15:13 Castle Age
13:52 Double-Bit Axe
13:48 Horse Collar
15:21 Fletching
15:48 Loom
16:33 Gold Mining
16:57 Bow Saw
17:31 Bodkin Arrow
23:59 Wheelbarrow
24:36 Padded Archer Armor
27:01 Hand Cart
28:26 Ballistics
30:00 Gold Shaft Mining
29:16 Stone Mining
沉香
11:48 Feudal Age
10:26 Loom
12:26 Double-Bit Axe
15:22 Castle Age
13:42 Fletching
14:33 Gold Mining
16:02 Bodkin Arrow
21:31 Ballistics
26:31 Town Watch
27:39 Clinker Construction
听风昕宇
11:27 Feudal Age
14:58 Castle Age
14:01 Double-Bit Axe
15:11 Horse Collar
16:31 Bow Saw
18:39 Loom
22:18 Wheelbarrow
28:42 Imperial Age
27:04 Scale Mail Armor
27:30 Hand Cart
27:09 Gold Mining
28:15 Heavy Plow
28:00 Man-at-Arms
28:26 Gambesons
28:42 Squires
29:00 Chain Mail Armor
28:40 Long Swordsman
29:21 Two-Handed Swordsman
30:20 Fereters
30:36 Conscription
30:23 Arson
31:12 Plate Mail Armor
Connection lost

Rejoining the realm…

Still unreachable

The connection could not be restored.

Session expired

The server has moved on; the page needs a fresh start.